AoeStats
← The Crusader

African Clearing

504127776Analyzed
4v4 RM · 29d ago on Sep 4, 2026· 56m 42s· 8 players
Game mode
Random Map
Map size
Large (8 player)
Population
200
Speed
Normal
Resources
Standard
Victory
Conquest
Starting age
Dark Age
Ending age
Imperial Age
RankedLock teamsTeams togetherTeam positionsShared explorationLock speedFull tech treeHidden civsTurbo modeCheats
Victory
Defeat
🇦🇷 Inca · Argentina
1462
+18
🇦🇷 Khmer · Argentina
1443
+19
🇺🇸 Persians · United States
1428
+19
🇺🇸 Chinese · United States
1427
+20
🇨🇱 Celts · Chile
1620
-24
🇦🇷 Tatars · Argentina
1511
-19
🇺🇸 Malians · United States
1502
-19
🇨🇱 Bengalis · Chile
1389
-14
The Crusader
3:17 Loom
13:15 Feudal Age
17:58 Castle Age
23:53 Double-Bit Axe
32:41 Scale Mail Armor
39:52 Squires
39:38 Arson
42:30 Bow Saw
42:00 Horse Collar
42:57 Heavy Plow
43:23 Gold Mining
44:27 Wheelbarrow
44:36 Chain Mail Armor
46:39 Gold Shaft Mining
49:49 Imperial Age
48:06 Fletching
48:17 Padded Archer Armor
48:55 Forging
50:06 Hand Cart
49:51 Elite Fire Lancer
51:02 Plate Mail Armor
51:03 Conscription
51:59 Iron Casting
54:12 Blast Furnace
54:13 Capped Ram
56:18 Bodkin Arrow
Zargo
9:41 Loom
12:00 Feudal Age
13:01 Double-Bit Axe
16:04 Town Watch
20:25 Castle Age
20:43 Horse Collar
33:27 Wheelbarrow
36:40 Imperial Age
36:19 Heavy Plow
36:30 Bow Saw
37:43 Conscription
39:06 Ballistics
42:00 Chemistry
41:35 Gold Mining
42:16 Elite Ballista Elephant
43:29 Hand Cart
44:27 Scale Barding Armor
44:37 Double Crossbow
45:59 Chain Barding Armor
46:59 Husbandry
47:36 Plate Barding Armor
49:58 Fletching
50:55 Forging
54:50 Hoardings
thegoodjunk
3:32 Loom
11:12 Feudal Age
19:41 Scale Mail Armor
20:20 Double-Bit Axe
25:08 Castle Age
24:02 Bloodlines
24:01 Scale Barding Armor
24:36 Forging
38:05 Chain Barding Armor
50:22 Husbandry
Sick Porky Stoner
8:47 Loom
11:55 Feudal Age
15:32 Castle Age
14:09 Double-Bit Axe
14:26 Horse Collar
16:52 Bow Saw
21:21 Town Watch
23:31 Fletching
25:09 Scale Mail Armor
24:52 Pikeman
26:58 Wheelbarrow
28:47 Bodkin Arrow
36:18 Imperial Age
34:05 Squires
34:42 Heavy Plow
34:30 Champi Runner
35:26 Chain Mail Armor
35:36 Ballistics
35:36 Champi Warrior
36:20 Andean Sling
37:49 Plate Mail Armor
37:25 Elite Champi Warrior
38:37 Gold Mining
39:03 Padded Archer Armor
40:04 Chemistry
40:07 Capped Ram
41:38 Forging
41:49 Fabric Shields
43:07 Iron Casting
42:28 Siege Ram
43:29 Conscription
44:03 Arson
45:25 Blast Furnace
45:06 Leather Archer Armor
44:48 Elite Skirmisher
45:34 Thumb Ring
46:11 Bracer
46:45 Arrowslits
46:51 Guard Tower
48:26 Ring Archer Armor
48:19 Guard Tower
48:40 Masonry
48:11 Treadmill Crane
49:57 Keep
49:27 Halberdier
53:30 Hand Cart
55:55 Elite Kamayuk
Ux'Panda_Drama
11:49 Loom
13:34 Feudal Age
19:07 Castle Age
17:34 Double-Bit Axe
17:45 Fishing Lines
18:15 Horse Collar
20:34 Bow Saw
20:40 Gillnets
22:19 Scale Mail Armor
23:48 Wheelbarrow
24:03 Forging
26:21 Iron Casting
28:17 Town Watch
29:10 Chain Mail Armor
38:33 Imperial Age
37:12 Fletching
38:07 Hand Cart
37:16 Crossbowman
38:03 Thumb Ring
37:54 Bodkin Arrow
39:15 Ballistics
39:14 Padded Archer Armor
39:29 Masonry
40:29 Chemistry
39:00 Arbalester
41:42 Leather Archer Armor
42:00 Architecture
41:43 Scale Barding Armor
42:06 Conscription
41:48 Farimba
43:43 Bloodlines
43:33 Husbandry
43:55 Chain Barding Armor
44:05 Ring Archer Armor
47:27 Heavy Camel Rider
47:31 Cavalier
48:48 Plate Barding Armor
49:34 Murder Holes
51:05 Light Cavalry
Ancalagon14
11:53 Loom
14:25 Feudal Age
18:45 Castle Age
18:27 Scale Mail Armor
17:59 Man-at-Arms
18:47 Long Swordsman
23:04 Town Watch
23:48 Arson
27:57 Pikeman
36:42 Double-Bit Axe
37:48 Fletching
39:26 Bow Saw
40:11 Forging
43:54 Wheelbarrow
51:45 Horse Collar
52:39 Heavy Plow
55:39 Hand Cart
56:57 Town Patrol
[MGG] JP
8:36 Loom
11:10 Feudal Age
12:27 Double-Bit Axe
16:34 Wheelbarrow
16:58 Forging
23:22 Castle Age
22:03 Bloodlines
22:09 Stone Mining
23:06 Gold Mining
24:41 Iron Casting
23:28 Light Cavalry
25:06 Husbandry
28:54 Scale Barding Armor
29:57 Chain Barding Armor
32:18 Horse Collar
32:48 Bow Saw
33:13 Gold Shaft Mining
32:43 Town Watch
33:13 Hand Cart
33:17 Heavy Plow
34:58 Fletching
36:01 Bodkin Arrow
39:40 Imperial Age
39:22 Ballistics
40:26 Bracer
41:25 Crop Rotation
41:56 Two-Man Saw
40:44 Elite Ratha (Ranged)
42:30 Chemistry
42:32 Padded Archer Armor
45:29 Leather Archer Armor
45:34 Elite Skirmisher
49:41 Ring Archer Armor
49:28 Siege Elephant
51:05 Plate Barding Armor
51:31 Blast Furnace
52:14 Elite Battle Elephant
55:01 Mahayana
54:57 Paiks
55:12 Conscription
[MGG] El Petardo
13:22 Feudal Age
13:26 Man-at-Arms
21:10 Double-Bit Axe
25:27 Horse Collar
25:50 Loom
31:40 Castle Age
33:23 Fletching
48:29 Bow Saw
51:27 Heavy Plow
54:10 Wheelbarrow
59:19 Imperial Age
Connection lost

Rejoining the realm…

Still unreachable

The connection could not be restored.

Session expired

The server has moved on; the page needs a fresh start.